 Dungeon Crawl Stone Soup version 0.20-a0-270-g8e735b6 (webtiles) character file.

5340 Cheibrodos the Destroyer (level 10, -1/63 HPs)
             Began as a Mummy Air Elementalist on Dec 11, 2016.
             Was a Follower of Ashenzari.
             Slain by a merfolk
             ... wielding a cursed -1 spear
              (12 damage)
             ... on level 9 of the Dungeon.
             The game lasted 00:35:33 (12949 turns).

Cheibrodos the Destroyer (Mummy Air Elementalist)  Turns: 12949, Time: 00:35:34

Health: -1/63      AC:  7    Str: 12    XL:     10   Next: 38%
Magic:  1/17       EV: 12    Int: 26    God:    Ashenzari [*.....]
Gold:   465        SH:  0    Dex: 19    Spells: 5/18 levels left

rFire  . . .     SeeInvis .     a - +8 mithril axe "Arga" {speed, MR+} (curse)
rCold  + . .     Gourm    .     r - +3 leather armour "Fynwuluo" {MR+ Dex+2} (curse)
rNeg   + + +     Faith    .     (no shield)
rPois  ∞         Spirit   .     m - +0 helmet
rElec  .         Reflect  .     (no cloak)
rCorr  +         Harm     .     (no gloves)
MR     +++..                    (no boots)
Stlth  +.........               (no amulet)
                                R - ring of resist corrosion (curse)
                                q - ring of Limitation {rF+ Int+9 Dex+4 Stlth-} (curse)

@: no status effects
A: no food or potions, fire vulnerability, cold resistance 1, negative energy
resistance 3, torment resistance, unbreathing
a: Curse Item, Scrying, Renounce Religion


You were on level 9 of the Dungeon.
You worshipped Ashenzari.
Ashenzari was aware of your devotion.
You were not hungry.

You visited 2 branches of the dungeon, and saw 10 of its levels.

You collected 640 gold pieces.
You spent 175 gold pieces at shops.


Innate Abilities, Weirdness & Mutations

You do not eat or drink.
Your flesh is vulnerable to fire.
You are immune to poison.
Your flesh is cold resistant. (rC+)
You are immune to negative energy. (rN+++)
You are immune to unholy pain and torment.
You can survive without breathing.


   Skills:
 + Level 2.8 Axes
 - Level 1.5 Dodging
 - Level 1.5 Stealth
 + Level 4.9 Spellcasting
 * Level 8.7 Conjurations
 * Level 8.6 Air Magic


You had 5 spell levels left.
You knew the following spells:

 Your Spells              Type           Power        Failure   Level  Hunger
a - Shock                 Conj/Air       ####         1%          1    N/A
b - Swiftness             Chrm/Air       ####....     2%          2    N/A
c - Static Discharge      Conj/Air       ######..     1%          3    N/A
d - Lightning Bolt        Conj/Air       ######....   10%         5    N/A
e - Repel Missiles        Chrm/Air       ####..       2%          2    N/A

Inventory:

Hand Weapons
 a - the cursed +8 mithril axe "Arga" (weapon) {speed, MR+}
   (You found it on level 7 of the Dungeon)

   Attacks with this weapon are significantly faster.
   It affects your resistance to hostile enchantments.
   It has a curse placed upon it.
 h - a +3 scimitar
 j - a cursed +4 great sword
 t - a +3 war axe of freezing
Missiles
 k - 2 javelins (quivered)
 v - 3 throwing nets
Armour
 m - a +0 helmet (worn)
 p - the +4 robe of Immorality {rPois Str+6}
   (You found it on level 5 of the Dungeon)

   It affects your strength (+6).
   It protects you from poison.
 r - the cursed +3 leather armour "Fynwuluo" (worn) {MR+ Dex+2}
   (You found it on level 6 of the Dungeon)

   It affects your dexterity (+2).
   It affects your resistance to hostile enchantments.
   It has a curse placed upon it.
Magical Staves
 b - an uncursed staff of wizardry {!a}
Jewellery
 q - the cursed ring of Limitation (left hand) {rF+ Int+9 Dex+4 Stlth-}
   (You found it on level 5 of the Dungeon)

   [ring of dexterity]

   It affects your intelligence (+9).
   It affects your dexterity (+4).
   It protects you from fire.
   It makes you less stealthy.
   It has a curse placed upon it.
 L - an uncursed ring of flight
 R - a cursed ring of resist corrosion (right hand)
Wands
 i - a wand of hasting (7/9) {@v3}
 o - a wand of disintegration (13/24)
 w - a wand of disintegration (6/24)
 y - a wand of teleportation (4/9) {@v4}
Scrolls
 c - a scroll of immolation {!r}
 e - a scroll of remove curse {@r2}
 f - a scroll of enchant weapon
 g - 2 scrolls of amnesia
 l - a scroll of brand weapon
 n - 2 scrolls of magic mapping
 s - 2 scrolls of enchant armour
 u - a scroll of recharging
 x - a scroll of summoning
 z - a scroll of blinking
 A - a scroll of teleportation {@r4}
Books
 d - a book of Air

   Spells                             Type                      Level
   a - Shock                          Conjuration/Air              1
   b - Swiftness                      Charms/Air                   2
   c - Repel Missiles                 Charms/Air                   2
   d - Static Discharge               Conjuration/Air              3
   e - Lightning Bolt                 Conjuration/Air              5

#... #..........
#...########..........
#...............#
#...............#
#..........<....#
#...............# .
#....<.[.[[.....######.....
#............>..............
#####..(###...@.............
#....!.....##m##.........#+#
#..........##...............
##.....>.......##.....####...
#.........(.....#............
#...........(...............#
###...........................[
#..............................
#..............................


You could see a merfolk.


Message History

Unknown command.
Unknown command.
Unknown command.
Casting: Lightning Bolt
Confirm with . or Enter, or press ? or * to list all spells.
Aiming: Shock
Press: ? - help, Shift-Dir - straight line The zap hits the merfolk.
The merfolk is almost dead.
The zap misses the merfolk.
The merfolk hits you from afar with a spear!
* * * LOW HITPOINT WARNING * * *
Unknown command.
Unknown command.
Okay, then.
Unknown command.
Evoke which item? (* to show all) (? for menu, Esc to quit)
Zapping:
o - a wand of disintegration (?/24) {zapped: 3} (will waste charges)
Press: ? - help, Shift-Dir - straight line, f - merfolk
Aim: a merfolk, wielding a spear (almost dead, chance to defeat MR: 48%)
Okay, then.
Unknown command.
Casting: Shock
Confirm with . or Enter, or press ? or * to list all spells.
Aiming: Lightning Bolt
Press: ? - help, Shift-Dir - straight line You hear a mighty clap of thunder!
The bolt of lightning misses the merfolk. x2
The merfolk hits you from afar with a spear!
You die...

Action                   |  1- 3 |  4- 6 |  7- 9 | 10-12 || total
-------------------------+-------+-------+-------+-------++-------
Melee: Unarmed           |     7 |       |       |       ||     7
       Short sword       |    43 |       |       |       ||    43
       Flail             |       |    59 |   129 |       ||   188
       Broad axe         |       |       |    60 |    44 ||   104
       War axe           |       |       |     1 |       ||     1
 Cast: Shock             |    78 |    88 |   212 |    30 ||   408
       Static Discharge  |       |     3 |     5 |     7 ||    15
       Lightning Bolt    |       |       |     9 |     6 ||    15
       Swiftness         |       |       |     1 |     1 ||     2
Invok: Curse Item        |       |       |     4 |       ||     4
Evoke: Wand              |       |       |     2 |       ||     2
  Use: Scroll            |       |    12 |    11 |       ||    23
 Stab: Sleeping          |     1 |       |       |       ||     1
Armor: Robe              |    23 |    10 |    30 |       ||    63
       Leather armour    |       |     9 |    70 |    17 ||    96
Dodge: Dodged            |    63 |    69 |   151 |    35 ||   318

Vault maps used:
D:1:      dpeg_arrival_pits, minmay_misc_feat_encased
D:2:      cheibriados_altar_1, minmay_misc_feat_chi
D:3:      uniq_robin
D:4:      serial_glass, glass_columns_b, glass_columns_a, uniq_eustachio
D:5:      kennysheep_mini, yredelemnul_forgotten_temple_becter, first_bread
D:6:      kennysheep_kobold_camp, tgw_sif, serial_shops, nicolae_shop_trees,
          basic_altar, kennysheep_generic_room_5
D:7:      uniq_joseph
D:8:      okawaru_trees_2, serial_shops, nicolae_shop_stone, uniq_gastronok
D:9:      grunt_temple_overflow_open, hangedman_fish_farm
Temple:   zaba_magenta_temple

Notes
Turn   | Place    | Note
-------+----------+-------------------------------------------
     0 | D:1      | Cheibrodos the Mummy Air Elementalist began the quest for the Orb.
     0 | D:1      | Reached XP level 1. HP: 13/13 MP: 3/3
   100 | D:1      | Reached skill level 1 in Conjurations
   199 | D:1      | Reached XP level 2. HP: 19/19 MP: 0/5
   203 | D:1      | Learned a level 2 spell: Swiftness
   769 | D:1      | Reached skill level 2 in Conjurations
  1152 | D:2      | Reached XP level 3. HP: 21/24 MP: 0/6
  1249 | D:2      | Found a snail-covered altar of Cheibriados.
  1706 | D:3      | Noticed Robin
  2343 | D:3      | Reached skill level 3 in Air Magic
  2626 | D:3      | Killed Robin
  2626 | D:3      | Reached XP level 4. HP: 30/30 MP: 0/7
  2966 | D:3      | Reached skill level 3 in Conjurations
  2974 | D:3      | Learned a level 3 spell: Static Discharge
  3466 | D:4      | Reached XP level 5. HP: 25/35 MP: 1/8
  4250 | D:4      | Noticed Eustachio
  4472 | D:5      | Entered Level 5 of the Dungeon
  4478 | D:5      | Reached skill level 4 in Air Magic
  4478 | D:5      | Reached XP level 6. HP: 41/41 MP: 5/9
  4499 | D:5      | Found a hazy altar of Hepliaklqana.
  4517 | D:5      | Reached skill level 4 in Conjurations
  4579 | D:5      | Got a faintly glowing pewter ring
  4581 | D:5      | Identified the ring of Limitation {rF+ Int+9 Dex+4 Stlth-} (You found it on level 5 of the Dungeon)
  4687 | D:5      | Found a basalt altar of Yredelemnul.
  4711 | D:5      | Got a faintly humming robe
  4765 | D:5      | Identified the +4 robe of Immorality {rPois Str+6} (You found it on level 5 of the Dungeon)
  5252 | D:5      | Reached XP level 7. HP: 45/46 MP: 4/10
  5263 | D:6      | Found a burning altar of Makhleb.
  5358 | D:6      | Reached skill level 5 in Air Magic
  5487 | D:6      | Reached skill level 5 in Conjurations
  5589 | D:6      | Found Taibb's Food Boutique.
  5798 | D:6      | Got a crude leather armour
  5856 | D:6      | Identified the +3 leather armour "Fynwuluo" {MR+ Dex+2} (You found it on level 6 of the Dungeon)
  6015 | D:6      | Found a deep blue altar of Sif Muna.
  6015 | D:6      | Noticed Jessica
  6020 | D:6      | Killed Jessica
  6020 | D:6      | Reached XP level 8. HP: 50/52 MP: 5/11
  6500 | D:5      | Reached skill level 6 in Air Magic
  6629 | D:5      | Learned a level 5 spell: Lightning Bolt
  6655 | D:6      | Reached skill level 6 in Conjurations
  7227 | D:7      | Noticed Joseph
  7739 | D:7      | Found a staircase to the Ecumenical Temple.
  7755 | Temple   | Entered the Ecumenical Temple
  7827 | Temple   | Became a worshipper of Ashenzari the Shackled
  8044 | D:4      | Reached skill level 3 in Spellcasting
  8120 | D:4      | Killed Eustachio
  8200 | D:6      | Reached skill level 7 in Conjurations
  8200 | D:6      | Reached XP level 9. HP: 39/57 MP: 3/13
  8276 | D:6      | Learned a level 2 spell: Repel Missiles
  8412 | D:7      | Reached skill level 7 in Air Magic
  9614 | D:8      | Found an iron altar of Okawaru.
  9747 | D:8      | Reached skill level 1 in Axes
  9891 | D:8      | Reached skill level 4 in Spellcasting
 10106 | D:8      | Noticed someotherguy6's ghost (amateur HOMo)
 10223 | D:8      | Killed someotherguy6's ghost
 10369 | D:8      | Reached skill level 8 in Conjurations
 10369 | D:8      | Reached skill level 8 in Air Magic
 10704 | D:8      | Found Ankeereq's Magic Scroll Shop.
 10705 | D:8      | Noticed Gastronok
 11184 | D:8      | Bought a scroll of blinking for 105 gold pieces
 11184 | D:8      | Bought a scroll of teleportation for 42 gold pieces
 11184 | D:8      | Bought a scroll of identify for 28 gold pieces
 11255 | D:8      | Reached skill level 2 in Axes
 11636 | D:8      | Reached XP level 10. HP: 44/63 MP: 12/16
 12648 | D:9      | Reached * piety under Ashenzari
 12654 | D:9      | Found a shimmering altar of Xom.
 12658 | D:9      | Noticed a hill giant
 12684 | D:9      | Killed a hill giant
 12949 | D:9      | Slain by a merfolk

Vanquished Creatures
  A hill giant (D:9)
  The ghost of someotherguy6 the Chopper, an amateur HOMo of Beogh (D:8)
  A two-headed ogre (D:8)
  2 hippogriffs (D:8)
  Eustachio (D:4)
  A water moccasin (D:5)
  2 orc warriors
  2 ice beasts
  A phantom (D:6)
  A sky beast (D:8)
  An eye of draining (D:6)
  6 ogres
  2 centaurs
  2 big kobolds
  4 bullfrogs
  A gnoll sergeant (D:7)
  5 scorpions
  A wyvern skeleton (D:7)
  8 wights
  5 crimson imps
  7 howler monkeys
  A bullfrog zombie (D:6)
  4 hounds
  A centaur zombie (D:9)
  3 orc priests
  4 iguanas
  Jessica (D:6)
  3 bullfrog skeletons
  4 worker ants
  4 orc wizards
  2 hound skeletons (D:6)
  2 worker ant zombies
  Robin (D:3)
  4 gnolls
  A howler monkey skeleton (D:6)
  8 adders
  5 adder skeletons
  2 leopard geckos
  22 orcs
  4 giant cockroaches
  12 goblins
  13 hobgoblins
  8 jackals (D:8)
  27 kobolds
  6 quokkas
  4 ball pythons
  4 bats
  4 frilled lizards
  3 quokka skeletons
  4 rats
  A spectral orc (D:5)
217 creatures vanquished.
